 Dungeon Crawl Stone Soup version 0.19.1 (webtiles) character file.

814 Darkmans the Chiller (level 7, 0/50 HPs)
             Began as a White Draconian Ice Elementalist on Dec 1, 2016.
             Was a Believer of Vehumet.
             Succumbed to an orc wizard's poison
             ... on level 9 of the Dungeon.
             The game lasted 00:24:28 (7412 turns).

Darkmans the Chiller (DrIE)                         Turns: 7412, Time: 00:24:29

Health: 0/50       AC:  8    Str: 10 (13) XL:     7   Next: 62%
Magic:  10/10      EV: 14    Int: 15 (17) God:    Vehumet [**....]
Gold:   166        SH:  0    Dex: 10 (11) Spells: 3 memorised, 2 levels left

rFire  . . .     SeeInvis +     x - +2 dagger (venom)
rCold  + . .     Gourm    .     (armour unavailable)
rNeg   . . .     Faith    .     (no shield)
rPois  .         Spirit   .     (helmet restricted)
rElec  .         Reflect  .     (no cloak)
rCorr  .         Harm     .     (no gloves)
MR     .....                    r - +1 pair of boots
Stlth  ++........               (no amulet)
                                (no ring)
                                o - ring of see invisible

@: lethally poisoned (0 -> -11), very slightly contaminated, hasted, very quick
A: breathe frost, unfitting armour, blurry vision 2, cold resistance 1, strong
1, cold-blooded, AC +6
a: Breathe Frost, Renounce Religion


You were on level 9 of the Dungeon.
You worshipped Vehumet.
Vehumet was pleased with you.
You were very hungry.

You visited 2 branches of the dungeon, and saw 10 of its levels.

You collected 166 gold pieces.

Inventory:

Hand Weapons
 n - a +0 spear
 x - a +2 dagger of venom (weapon)
Armour
 r - a +1 pair of boots (worn)
Jewellery
 o - a ring of see invisible (left hand)
Wands
 f - a wand of slowing (14/48)
 w - a wand of polymorph (18/24)
Scrolls
 d - a scroll of summoning {unknown}
 h - 2 scrolls of teleportation
 q - a scroll of fog
 v - a scroll of recharging
Potions
 e - 3 potions of might
 g - 3 potions of heal wounds {unknown}
 l - a potion of cure mutation
 m - a potion of brilliance
 t - a potion of curing {unknown}
Books
 a - a book of Frost

   Spells                             Type                      Level
   a - Freeze                         Ice                          1
   b - Throw Frost                    Conjuration/Ice              2
   c - Ozocubu's Armour               Charms/Ice                   3
   d - Throw Icicle                   Conjuration/Ice              4
   e - Summon Ice Beast               Ice/Summoning                4
Comestibles
 b - 3 bread rations
 k - 2 royal jellies


   Skills:
 + Level 5.5 Dodging
 - Level 1.8 Stealth
 - Level 2.0 Spellcasting
 + Level 4.0 Conjurations
 - Level 6.7 Ice Magic


You had 2 spell levels left.
You knew the following spells:

 Your Spells              Type           Power        Failure   Level  Hunger
a - Freeze                Ice            ###.         1%          1    #......
b - Ozocubu's Armour      Chrm/Ice       ##......     21%         3    ###....
c - Throw Icicle          Conj/Ice       ###.....     28%         4    #####..


Dungeon Overview and Level Annotations

Branches:
Dungeon (9/15)             Temple (1/1) D:5
   Lair: D:8-11         Orc: D:9-12

Altars:
Cheibriados
Dithmenos
Fedhas
Gozag
Hepliaklqana
Okawaru
Ru
Vehumet
Lugonu

Shops:
D:4 [

Annotations:
D:3 Terence
D:4 Randart Buckler
D:5 Dowan, Grinder
D:6 Pikel


Innate Abilities, Weirdness & Mutations

You can breathe waves of freezing cold.
You can buffet flying creatures when you breathe cold.
Your icy white scales are hard. (AC +6)
You cannot fit into any form of body armour.
Your flesh is cold resistant. (rC+)
You are cold-blooded and may be slowed by cold attacks.
Scrolls take you longer to read.
Your muscles are strong. (Str +2)


Message History

* * * LOW HITPOINT WARNING * * *
You climb downwards.
Found a lead wand and 26 stones.
There is a stone staircase leading up here.
It was a potion of cure mutation.
It has a very clean taste.
You feel sick.
The orc wizard casts a cantrip, but nothing happens.
The orc wizard casts a spell.
It was a potion of mutation.
You feel extremely strange.
You feel stronger.
Your vision blurs. x2
You feel sick.
The orc wizard gestures at you while chanting.
The magic dart hits you!
* * * LOW HITPOINT WARNING * * *
It was a potion of haste.
You feel yourself speed up. The orc wizard misses you.
The orc wizard hits you but does no damage.
You are more poisoned.
You are very lightly contaminated with residual magic.
Okay, then.
You die...

## #
.. .#.
#. .#.
#.. ..
#..
##.#
...#..
#.#.#
#..@#
#/.<#
##o##
...
#.##
...
...
....
(..


You could see an orc wizard.

Vanquished Creatures
  Duvessa (D:5)
  A slave (D:5)
  A killer bee (D:7)
  2 howler monkeys
  An orc priest (D:4)
  A hound (D:4)
  2 centaur skeletons
  4 orc wizards
  A bullfrog skeleton (D:5)
  2 iguanas
  6 adders
  3 gnolls (D:3)
  A howler monkey skeleton (D:4)
  A shadow imp (D:6)
  4 oozes
  An adder skeleton (D:4)
  5 worms
  4 dart slugs
  7 leopard geckos
  19 orcs
  9 giant cockroaches
  4 goblins
  8 hobgoblins
  19 jackals
  2 ball pythons
  10 bats
  4 frilled lizards
  11 kobolds
  A quokka skeleton (D:4)
  8 rats
143 creatures vanquished.

Notes
Turn   | Place    | Note
-------+----------+-------------------------------------------
     0 | D:1      | Darkmans the Draconian Ice Elementalist began the quest for the Orb.
     0 | D:1      | Reached XP level 1. HP: 14/14 MP: 3/3
   206 | D:1      | Reached XP level 2. HP: 18/20 MP: 3/5
   703 | D:1      | Reached XP level 3. HP: 26/26 MP: 3/6
   953 | D:1      | Learned a level 3 spell: Ozocubu's Armour
  1282 | D:2      | Reached skill level 4 in Ice Magic
  1309 | D:2      | Found a radiant altar of Vehumet.
  1537 | D:2      | Became a worshipper of Vehumet
  1716 | D:2      | Reached XP level 4. HP: 31/33 MP: 1/7
  2146 | D:3      | Found a snail-covered altar of Cheibriados.
  2422 | D:3      | Found a sacrificial altar of Ru.
  3037 | D:3      | Reached XP level 5. HP: 38/38 MP: 2/8
  3205 | D:3      | Reached * piety under Vehumet
  3205 | D:3      | Offered knowledge of Sandblast by Vehumet.
  3281 | D:3      | Noticed Terence
  3334 | D:3      | Learned a level 4 spell: Throw Icicle
  3471 | D:3      | Found a sacrificial altar of Ru.
  3831 | D:4      | Reached skill level 5 in Ice Magic
  4216 | D:4      | Reached XP level 6. HP: 28/45 MP: 9/9
  4548 | D:4      | Found Dagawku's Antique Armour Shoppe.
  4617 | D:4      | Reached ** piety under Vehumet
  4624 | D:4      | Offered knowledge of Throw Flame by Vehumet.
  6096 | D:5      | Entered Level 5 of the Dungeon
  6118 | D:5      | Found a staircase to the Ecumenical Temple.
  6123 | D:5      | Noticed Grinder
  6137 | Temple   | Entered the Ecumenical Temple
  6174 | D:5      | Found an iron altar of Okawaru.
  6175 | D:5      | Found a blossoming altar of Fedhas.
  6177 | D:5      | Found an opulent altar of Gozag.
  6190 | D:5      | Found a hazy altar of Hepliaklqana.
  6191 | D:5      | Found a shadowy altar of Dithmenos.
  6250 | D:5      | Your scales start taking on an icy white colour.
  6250 | D:5      | Reached skill level 6 in Ice Magic
  6250 | D:5      | Reached XP level 7. HP: 50/50 MP: 5/10
  6250 | D:5      | Gained mutation: Your flesh is cold resistant. (rC+) [White Draconian growth]
  6387 | D:5      | Noticed Duvessa
  6388 | D:5      | Noticed Dowan
  6421 | D:5      | Killed Duvessa
  6421 | D:5      | Reached skill level 5 in Dodging
  6639 | D:6      | Noticed Pikel
  7241 | D:7      | Offered knowledge of Stone Arrow by Vehumet.
  7410 | D:9      | Gained mutation: Your muscles are strong. (Str +2) [potion of mutation]
  7410 | D:9      | Gained mutation: Scrolls take you a little longer to read. [potion of mutation]
  7410 | D:9      | Gained mutation: Scrolls take you longer to read. [potion of mutation]
  7410 | D:9      | HP: 1/50 [orc wizard/magic dart (5)]
  7412 | D:9      | Succumbed to an orc wizard's poison

Skill      XL: |  1  2  3  4  5  6  7 |
---------------+----------------------+-----
Dodging        | 2 3 4 5 |  5.5
Ice Magic      | 4 5 6 |  6.7
Conjurations   | 2 4 |  4.0
Stealth        | |  1.8
Spellcasting   | |  2.0

Action                   |  1- 3 |  4- 6 |  7- 9 || total
-------------------------+-------+-------+-------++-------
Melee: Unarmed           |    25 |       |       ||    25
       Tailslap          |     2 |    19 |     6 ||    27
       Spear             |    22 |     3 |       ||    25
       Whip              |       |    98 |       ||    98
       Dagger            |       |   101 |    58 ||   159
 Cast: Freeze            |    67 |   119 |     4 ||   190
       Ozocubu's Armour  |       |     1 |       ||     1
       Throw Icicle      |       |       |     6 ||     6
  Use: Scroll            |       |     9 |     5 ||    14
       Potion            |       |       |     4 ||     4
 Stab: Sleeping          |     2 |     3 |       ||     5
  Eat: Chunk             |     4 |    11 |     3 ||    18
       Meat ration       |       |     1 |       ||     1
       Beef jerky        |       |       |     1 ||     1
Armor: Skin              |    38 |    87 |    25 ||   150
Dodge: Dodged            |    81 |   233 |    56 ||   370
